 Dungeon Crawl Stone Soup version 0.31-a0-1009-g454b1f1e0a (webtiles) character file.

Game seed: 4481578391989300193

53 CrazyBamboolord the Vexing (level 3, 0/27 HPs)
             Began as a Barachi Hexslinger on Nov 15, 2023.
             Slain by an adder (2 damage)
             ... on level 2 of the Dungeon.
             The game lasted 00:02:28 (1428 turns).

CrazyBamboolord the Vexing (Barachi Hexslinger)     Turns: 1428, Time: 00:02:30

Health: 0/27       AC:  2    Str:  9    XL:     3   Next: 89%
Magic:  10/14      EV: 12    Int: 15    God:
Gold:   66         SH:  0    Dex: 14    Spells: 3/5 levels left

rFire   . . .        a - +1 sling
rCold   . . .        (no shield)
rNeg    . . .        c - +0 robe
rPois   .            (no helmet)
rElec   .            (no cloak)
rCorr   .            (no gloves)
SInv    .            (no boots)
Will    .....        (no amulet)
Stlth   +            g - ring of magical power
HPRegen 0.24/turn    (no ring)
MPRegen 0.14/turn

%: no passive effects
@: lethally poisoned (0 -> -3), about to teleport, weak-willed, jinxed, slow
A: amphibious, slowness 1, strong legs 1, +LOS
a: Hop


You were on level 2 of the Dungeon.
You visited 1 branch of the dungeon, and saw 2 of its levels.

You collected 66 gold pieces.

Inventory:

Hand Weapons
 a - a +1 sling (weapon)
Armour
 c - a +0 robe (worn)
Jewellery
 g - a ring of magical power (left hand)
Scrolls
 b - a scroll of poison
 d - 3 scrolls of teleportation
 e - 2 scrolls of revelation {unknown}
 f - 4 scrolls of enchant armour {unknown}
 h - a scroll of immolation {unknown}
 i - a scroll of silence {unknown}
 j - a scroll of vulnerability {unknown}


   Skills:
 + Level 1.7 Fighting
 * Level 2.4 Ranged Weapons
 * Level 2.8 Dodging
 * Level 1.9 Spellcasting
 * Level 3.7 Hexes
 + Level 1.4 Fire Magic


You had 3 spell levels left.
You knew the following spells:

 Your Spells              Type           Power      Damage    Failure   Level
a - Jinxbite              Hex            24%        N/A       8%          2

Your spell library contained the following spells:

 Spells                   Type           Power      Damage    Failure   Level
 Sigil of Binding         Hex            12%        N/A       14%         3
 Inner Flame              Hex/Fire       9%         N/A       22%         3
 Cause Fear               Hex            6%         N/A       43%         4
 Dimensional Bullseye     Hex/Tloc       3%         N/A       71%         4


Dungeon Overview and Level Annotations

Branches:
Dungeon (2/15)

Altars:

Annotations:
D:2 1 runed translucent door, Crazy Yiuf


Innate Abilities, Weirdness & Mutations

You are amphibious.
You cover ground slowly.
You can hop short distances.
You have an extended range of vision and can be seen from far away.


Message History

The sling bullet closely misses the adder.
The adder bites you.
You are poisoned.
The adder poisons you!
You shoot a sling bullet. The sling bullet misses the adder.
You feel sick. The adder bites you. x2
You are more poisoned.
The adder poisons you!
You shoot a sling bullet. The sling bullet hits the adder.
The adder is heavily wounded.
You feel very sick. The adder bites you. x2
You are more poisoned.
The adder poisons you!
You shoot a sling bullet. The sling bullet hits the adder.
The adder is severely wounded.
You feel very sick. The adder bites you.
* * * LOW HITPOINT WARNING * * *
Unknown command.
Casting: Jinxbite (safe; 8% risk of failure)
Confirm with . or Enter, or press ? or * to list all spells.
You beckon some vexing sprites to accompany your attacks.
You feel your willpower being sapped.
* * * LOW HITPOINT WARNING * * *
You feel sick. The adder bites you.
* * * LOW HITPOINT WARNING * * *
The adder barely misses you.
You aren't carrying any potions.
As you read the scroll labelled DETZAY MONAJI, it crumbles to dust.
You feel strangely unstable.
It was a scroll of teleportation.
* * * LOW HITPOINT WARNING * * *
You feel sick. The adder bites you but does no damage.
Casting: Jinxbite (safe; 8% risk of failure)
Confirm with . or Enter, or press ? or * to list all spells.
You beckon more vexing sprites to accompany your attacks.
You feel your willpower being sapped.
* * * LOW HITPOINT WARNING * * *
You feel sick. The adder bites you.
You die...

#.##.# #.#
#.# #.####
######.# #.#
#....# #.#
######
#.#### ##.
#.#..# ##..
#.#.. #...
#.#S####+###
+...
#..@........
#...
#...........
##.(
##..........
##.
##+####+###
## # #
######


You could see an adder.

Vanquished Creatures
  Jessica (D:2)
  A worm (D:2)
  An endoplasm (D:1)
  A giant cockroach (D:1)
  2 hobgoblins
  7 kobolds
  A quokka (D:1)
  4 bats
  3 frilled lizards
  2 goblins (D:1)
  2 rats
25 creatures vanquished.

Notes
Turn   | Place    | Note
-------+----------+-------------------------------------------
     0 | D:1      | CrazyBamboolord the Barachi Hexslinger began the quest for
                  | the Orb.
     0 | D:1      | Reached XP level 1. HP: 15/15 MP: 2/2
   231 | D:1      | Reached XP level 2. HP: 19/21 MP: 3/3
   887 | D:2      | Found a runed translucent door.
   888 | D:2      | Noticed Crazy Yiuf
  1051 | D:2      | Noticed Jessica
  1055 | D:2      | Killed Jessica
  1056 | D:2      | Reached XP level 3. HP: 27/27 MP: 5/5
  1060 | D:2      | Learned a level 2 spell: Jinxbite
  1428 | D:2      | Slain by an adder

Illustrated notes

Levels and vault maps discovered:
D:1:      shiori_arrival_elements, layout_loops_ring, lexackson_kobold_supper
D:2:      layout_loops_corners, minmay_snake_closets, uniq_jessica,
          uniq_sigmund, uniq_crazy_yiuf_cottage

Action                     || total
---------------------------++-------
   Fire: Sling             ||    97
   Cast: Jinxbite          ||     3
Ability: Hop               ||     1
    Use: Scroll            ||     1
 Armour: Robe              ||    31
  Dodge: Dodged            ||    32

Table legend: (Time is in decaauts)
 A = Elapsed time spent in this place.
 B = Non-inter-level travel time spent in this place.
 C = Inter-level travel time spent in this place.
 D = Time resting spent in this place.
 E = Time spent auto-exploring this place.
 F = Levels seen in this place.
 G = Mean time per level.
                   A        B        C        D        E       F      G
               +--------+--------+--------+--------+--------+-----+--------+
         Total |   1677 |   1611 |     66 |     63 |   1320 |   2 |  838.5 |
       Dungeon |   1677 |   1611 |     66 |     63 |   1320 |   2 |  838.5 |
               +--------+--------+--------+--------+--------+-----+--------+

Top non-repeatable levels by time:
     D:1: 954 daAuts
     D:2: 723 daAuts
